 Dungeon Crawl Stone Soup version 0.30-a0-159-g068b764562 (webtiles) character file.

Game seed: 9871007137416335230

161 zishaf the Grave Robber (level 5, 0/40 HPs)
             Began as a Human Necromancer on Sept 27, 2022.
             Succumbed to Eustachio's poison
             ... on level 4 of the Dungeon.
             The game lasted 00:07:31 (2325 turns).

zishaf the Grave Robber (Human Necromancer)         Turns: 2325, Time: 00:07:32

Health: 0/40       AC: 10    Str:  9    XL:     5   Next: 70%
Magic:  9/9        EV: 12    Int: 17    God:
Gold:   138        SH:  0    Dex: 13    Spells: 2/10 levels left

rFire   . . .      SeeInvis .    a - staff of death
rCold   . . .      Faith    .    (no shield)
rNeg    + . .      Spirit   .    f - +0 robe
rPois   .          Reflect  .    m - +0 helmet
rElec   .          Harm     .    g - scarf {repulsion}
rCorr   +          Rampage  .    l - +2 pair of gloves
Will    .....                    (no boots)
Stlth   ++........               (no amulet)
HPRegen 0.13/turn                d - +4 ring of protection
MPRegen 0.11/turn                c - ring of resist corrosion

@: lethally poisoned (0 -> -11), repel missiles
A: no striking features
a: no special abilities


You were on level 4 of the Dungeon.
You visited 1 branch of the dungeon, and saw 4 of its levels.

You collected 138 gold pieces.

Inventory:

Hand Weapons
 s - a +0 long sword
Armour
 f - a +0 robe (worn)
 g - a scarf of repulsion (worn)
 l - a +2 pair of gloves (worn)
 m - a +0 helmet (worn)
Magical Staves
 a - a staff of death (weapon)
Jewellery
 c - a ring of resist corrosion (right hand)
 d - a +4 ring of protection (left hand)
Scrolls
 i - a scroll of teleportation
 j - a scroll of vulnerability
 p - a scroll of acquirement {unknown}
 q - a scroll of brand weapon {unknown}
 r - a scroll of fear {unknown}
Potions
 n - a potion of resistance


   Skills:
 + Level 2.8 Fighting
 - Level 2.0 Dodging
 - Level 2.0 Stealth
 - Level 3.0 Spellcasting
 + Level 5.1 Necromancy


You had 2 spell levels left.
You knew the following spells:

 Your Spells              Type           Power      Damage    Failure   Level
a - Necrotise             Necr           100%       1d9       2%          1
b - Vampiric Draining     Necr           29%        2d8       6%          3
c - Animate Dead          Necr           29%        N/A       22%         4

Your spell library contained the following spells:

 Spells                   Type           Power      Damage    Failure   Level
 Agony                    Necr           29%        N/A       52%         5
 Borgnjor's Revivificati  Necr           14%        N/A       100%        8
 Necromutation            Tmut/Necr      8%         N/A       100%        8
 Death's Door             Necr           14%        N/A       100%        9


Dungeon Overview and Level Annotations

Branches:
Dungeon (4/15)
 Temple: D:4-7

Altars:
Dithmenos
Yredelemnul
The Shining One

Annotations:
D:3 Grinder
D:4 Eustachio


Message History

The river rat barely misses you.
As you read the scroll labelled CIRAZEUMME, it crumbles to dust.
You feel strangely unstable.
It was a scroll of teleportation.
You feel sick.
You are no longer poisoned.
The ufetubus misses you.
The ufetubus hits you but does no damage.
Eustachio barely misses you.
The river rat bites you but does no damage.
The ufetubus hits you. The ufetubus barely misses you.
The shadow imp closely misses you.
As you read the scroll labelled VALLEPL CUOBIY, it crumbles to dust.
You feel aware of your surroundings.
You sensed 1 altar, and 1 shop/portal.
It was a scroll of magic mapping.
The ufetubus barely misses you. The ufetubus misses you. Eustachio misses you.
The river rat barely misses you. The shadow imp barely misses you.
The air fills with toxic fumes!
As you read the scroll labelled SAYBARETAES, it crumbles to dust.
It was a scroll of poison.
The ufetubus barely misses you. The ufetubus hits you.
Eustachio barely misses you. The river rat bites you.
* * * LOW HITPOINT WARNING * * *
The ufetubus hits you but does no damage.
The ufetubus barely misses you.
The shadow imp hits you but does no damage.
You hit the shadow imp but do no damage.
The ufetubus closely misses you. The ufetubus misses you.
Eustachio gestures wildly while chanting.
The river rat misses you.
The shadow imp hits you but does no damage.
The ufetubus closely misses you. The ufetubus hits you.
* * * LOW HITPOINT WARNING * * *
Eustachio hits you with a +2 rapier of venom.
* * * LOW HITPOINT WARNING * * *
You are lethally poisoned!
Okay, then.
Magic courses through your body.
Your surroundings suddenly seem different.
Found an escape hatch in the floor.
* * * LOW HITPOINT WARNING * * *
You feel very sick.
You die...

*,***,,,..,,,,,,,,,###.....)..)..
*,,*****#..r.,*****#r5.###...##..
**,,,* #....,* ###.### #.###**,
****,** #.....####S@5# **#.# **
****,,**#.....#.)bb### *,..# *,
,,,,,,,,........########.###** *,
,*****,,#.......###......,,,,* *,
,******,........#........,,,,* *,
,,,,****........@........,,,,* *,
,,,,*,,,.................,,,,* *,
,,,,,,*,.#............>..,,,,* *,
,,,,,**,*##..............,,,,* *,
**,,,,*,*................,,,,***,
***,,,,,,.##.............,,<,,,,,
,,*,,,,>,,,##............,,,,***,
*,,,,,,,,,,,#...........,,,,,**,,
,,,,,,,*,,,,*,,,,,,,*****,*****,*


You could see a quokka (summoned, wandering).

Vanquished Creatures
  A bullfrog (D:4)
  3 gnolls (D:2)
  2 adders (D:3)
  A worm (D:2)
  A dart slug (D:2)
  2 orcs (D:4)
  4 endoplasms
  4 goblins
  3 hobgoblins
  4 jackals (D:2)
  4 quokkas
  A ball python (D:1)
  4 bats
  A frilled lizard (D:2)
  6 kobolds
  3 rats (D:1)
44 creatures vanquished.

Vanquished Creatures (collateral kills)
  A ball python (D:1)
  An endoplasm (D:2)
2 creatures vanquished.

Grand Total: 46 creatures vanquished

Notes
Turn   | Place    | Note
-------+----------+-------------------------------------------
     0 | D:1      | zishaf the Human Necromancer began the quest for the Orb.
     0 | D:1      | Reached XP level 1. HP: 13/13 MP: 3/3
   236 | D:1      | Reached XP level 2. HP: 19/20 MP: 1/5
   558 | D:1      | Reached skill level 1 in Fighting
   976 | D:2      | Reached XP level 3. HP: 26/26 MP: 4/6
   980 | D:2      | Learned a level 3 spell: Vampiric Draining
  1119 | D:2      | Reached XP level 4. HP: 22/33 MP: 2/8
  1583 | D:2      | Learned a level 4 spell: Animate Dead
  2022 | D:3      | Noticed Grinder
  2174 | D:3      | Found a shadowy altar of Dithmenos.
  2189 | D:3      | Found a basalt altar of Yredelemnul.
  2217 | D:3      | Found a glowing golden altar of the Shining One.
  2253 | D:4      | Noticed Eustachio
  2270 | D:4      | Reached XP level 5. HP: 38/38 MP: 4/9
  2276 | D:4      | Noticed a bullfrog
  2282 | D:4      | Killed a bullfrog
  2283 | D:4      | Reached skill level 5 in Necromancy
  2325 | D:4      | Succumbed to Eustachio's poison

Illustrated notes

Levels and vault maps discovered:
D:1:      lightli_molten_gateway, layout_rooms, minmay_curled_crystal
D:2:      layout_loops_corners
D:3:      layout_rooms, minitemple, nicolae_overflow_crystal_walls,
          gammafunk_ghost_smash, uniq_grinder
D:4:      layout_rooms, nicolae_wu_jian_immortal_techniques, serial_shops, shop,
          uniq_eustachio

Skill      XL: |  1  2  3  4  5 |
---------------+----------------+-----
Fighting       | 1 2 |  2.8
Spellcasting   | 3 |  3.0
Necromancy     | 5 |  5.1
Dodging        | |  2.0
Stealth        | |  2.0

Action                   |  1- 3 |  4- 6 || total
-------------------------+-------+-------++-------
Melee: Unarmed           |     5 |       ||     5
       Staff             |     7 |    25 ||    32
 Cast: Necrotise         |    30 |    41 ||    71
       Vampiric Draining |     1 |     1 ||     2
  Use: Scroll            |       |     4 ||     4
       Potion            |       |     2 ||     2
 Stab: Distracted        |       |     2 ||     2
Armor: Robe              |     4 |    24 ||    28
Dodge: Dodged            |     6 |    57 ||    63

Table legend: (Time is in decaauts)
 A = Elapsed time spent in this place.
 B = Non-inter-level travel time spent in this place.
 C = Inter-level travel time spent in this place.
 D = Time resting spent in this place.
 E = Time spent auto-exploring this place.
 F = Levels seen in this place.
 G = Mean time per level.
                   A        B        C        D        E       F      G
               +--------+--------+--------+--------+--------+-----+--------+
         Total |   2368 |   2242 |    126 |      0 |   1766 |   4 |  592.0 |
       Dungeon |   2368 |   2242 |    126 |      0 |   1766 |   4 |  592.0 |
               +--------+--------+--------+--------+--------+-----+--------+

Top non-repeatable levels by time:
     D:2: 1305 daAuts
     D:1: 796 daAuts
     D:3: 192 daAuts
     D:4: 74 daAuts
